 Dungeon Crawl Stone Soup version 0.31-a0-981-geadf994542 (webtiles) character file.

Game seed: 9680216619685858454

311 BinkBink the Ducker (level 6, -6/51 HPs)
             Began as a Merfolk Monk on Nov 1, 2023.
             Killed from afar by a steam dragon (20 damage)
             ... with a ball of steam
             ... on level 4 of the Dungeon.
             The game lasted 00:02:42 (2546 turns).

BinkBink the Ducker (Merfolk Monk)                  Turns: 2546, Time: 00:02:43

Health: -6/51      AC:  7    Str: 12    XL:     6   Next: 42%
Magic:  6/6        EV: 15    Int:  9    God:
Gold:   168        SH:  0    Dex: 18    Spells: 5/5 levels left

rFire   . . .        a - +0 falchion
rCold   . . .        d - orb {light}
rNeg    . . .        b - +0 robe
rPois   .            (no helmet)
rElec   .            (no cloak)
rCorr   .            p - +0 pair of gloves {hurl}
SInv    .            (no boots)
Will    .....        (no amulet)
Stlth   +            m - +4 ring of protection
HPRegen 0.28/turn    (no ring)
MPRegen 0.10/turn

%: no passive effects
@: glowing
A: (nimble swimmer 2), mertail
a: no special abilities


You were on level 4 of the Dungeon.
You visited 1 branch of the dungeon, and saw 4 of its levels.

You collected 168 gold pieces.

Inventory:

Hand Weapons
 a - a +0 falchion (weapon)
Armour
 b - a +0 robe (worn)
 d - an orb of light (worn)
 h - a +0 pair of gloves
 p - a +0 pair of gloves of hurling (worn)
Jewellery
 j - a ring of see invisible
 m - a +4 ring of protection (left hand)
Wands
 u - a wand of iceblast (6)
Scrolls
 f - 3 scrolls of identify
 k - 4 scrolls of brand weapon
 l - a scroll of immolation {unknown}
 q - 2 scrolls of fear {unknown}
 r - a scroll of poison {unknown}
 s - a scroll of amnesia {unknown}
 t - a scroll of noise {unknown}
Potions
 c - a potion of ambrosia
 e - 3 potions of curing {unknown}
 g - a potion of heal wounds {unknown}
 i - a potion of berserk rage {unknown}
 n - 3 potions of mutation {unknown}
 o - a potion of enlightenment {unknown}
 v - a potion of cancellation {unknown}
 w - a potion of might {unknown}


   Skills:
 + Level 5.2 Fighting
 + Level 5.6 Long Blades
 + Level 6.2 Dodging


You had 5 spell levels left.
You didn't know any spells.
Your spell library contained the following spells:

 Spells                   Type           Power      Damage    Failure   Level
 Necrotise                Necr           0%         1d4       38%         1
 Inner Flame              Hex/Fire       0%         N/A       77%         3
 Vampiric Draining        Necr           0%         2d6       77%         3
 Flame Wave               Conj/Fire      0%         2d4       99%         4
 Sticky Flame             Conj/Fire      0%         2d3       99%         4
 Summon Ice Beast         Ice/Summ       0%         N/A       99%         4
 Agony                    Necr           0%         N/A       100%        5
 Summon Mana Viper        Hex/Summ       0%         N/A       100%        5
 Monstrous Menagerie      Summ           0%         N/A       100%        7


Dungeon Overview and Level Annotations

Branches:
Dungeon (4/15)
 Temple: D:4-7

Altars:
Gozag


Innate Abilities, Weirdness & Mutations

((You are very nimble when in or above water. (Stealth+, EV+, Speed+++)))
Your lower body shifts to a powerful aquatic tail in water.


Message History

The adder hisses angrily.
The adder misses you.
You hit the adder.
The adder is moderately wounded.
The adder bites you but does no damage.
You slash the adder!
The adder is almost dead.
The adder closely misses you.
You hit the adder but do no damage.
The adder is almost dead.
The adder closely misses you. The adder bites you.
You slash the adder!
You kill the adder!
No target in view!
No target in view!
Your legs become a tail as you enter the water.
e - 3 silvery potions (gained 1)
w - a white potion A steam dragon comes into view.
The steam dragon hisses angrily.
The steam dragon breathes steam at you. The ball of steam hits you!
The steam dragon moves out of view.
You're standing in a cloud of steam!
You're standing in a cloud of steam!
You're standing in a cloud of steam!
You are engulfed in a cloud of scalding steam.
You are engulfed in a cloud of scalding steam.
The steam dragon breathes steam at you. The ball of steam hits you!
The steam dragon breathes steam at you. The ball of steam hits you!
* * * LOW HITPOINT WARNING * * *
As you read the scroll labelled YSCHUE SUUPUSM, it crumbles to dust.
It is a scroll of identify.
k - 4 scrolls of brand weapon
Things that are here:
a +0 dagger; a goblin corpse The steam dragon breathes steam at you.
The ball of steam hits you!!
You die...

.# ###..).~~~...+## . .#
#.##..~..#...##... .#
#D###...##....#... .##
####.####.##.........
..#########....§.##..........#
...............§...+.........+
..#.#######.#..§.###.........#
.[..# #.##.#§# ##.......##
###.# #....#@#####.....##
##..# #.####..........## ..#.#
#.# #..######..# ###.# #.#
#..# #D.# #.# #.. ...######§.#
#.# ........§..# #.#
##.#.#.#..D## #.# .#
#...§§.##### .# #..^...D.D.#


There were no monsters in sight!

Vanquished Creatures
  A phantom (D:4)
  A scorpion (D:4)
  A hound (D:4)
  Terence (D:2)
  7 adders
  2 worms
  2 dart slugs
  3 orcs (D:3)
  7 ball pythons
  4 endoplasms
  5 giant cockroaches
  5 goblins
  5 hobgoblins
  2 quokkas
  3 bats
  2 frilled lizards
  A kobold (D:4)
  6 rats
58 creatures vanquished.

Notes
Turn   | Place    | Note
-------+----------+-------------------------------------------
     0 | D:1      | BinkBink the Merfolk Monk began the quest for the Orb.
     0 | D:1      | Reached XP level 1. HP: 18/18 MP: 1/1
   362 | D:1      | Reached XP level 2. HP: 19/24 MP: 2/2
   813 | D:2      | Reached XP level 3. HP: 20/30 MP: 3/3
  1012 | D:2      | Reached XP level 4. HP: 37/37 MP: 4/4
  1068 | D:2      | Found an opulent altar of Gozag.
  1072 | D:2      | Reached skill level 5 in Dodging
  1147 | D:2      | Noticed Terence
  1162 | D:2      | Killed Terence
  1498 | D:3      | Reached XP level 5. HP: 18/43 MP: 5/5
  2108 | D:4      | Noticed a phantom
  2122 | D:4      | Killed a phantom
  2123 | D:4      | Reached skill level 5 in Long Blades
  2259 | D:4      | Reached skill level 5 in Fighting
  2259 | D:4      | Reached skill level 6 in Dodging
  2259 | D:4      | Reached XP level 6. HP: 49/51 MP: 6/6
  2495 | D:4      | Noticed a steam dragon
  2546 | D:4      | Killed from afar by a steam dragon

Illustrated notes

Levels and vault maps discovered:
D:1:      dpeg_arrival_boxorama, layout_loops_ring, serial_glass,
          glass_columns_a, glass_columns_a
D:2:      layout_rooms, basic_altar, uniq_terence
D:3:      layout_basic, grunt_ministairs_4
D:4:      layout_loops_corners, chequers_jeans, amcnicky_mini_pool_small,
          uniq_duvessa

Skill      XL: |  1  2  3  4  5 |
---------------+----------------+-----
Long Blades    | 4 5 |  5.6
Fighting       | 4 5 |  5.2
Dodging        | 5 6 |  6.2

Action                     |  1- 3 |  4- 6 || total
---------------------------+-------+-------++-------
  Melee: Falchion          |    55 |   150 ||   205
    Use: Scroll            |       |     2 ||     2
 Armour: Robe              |    33 |    74 ||   107
  Dodge: Dodged            |    42 |   119 ||   161

Table legend: (Time is in decaauts)
 A = Elapsed time spent in this place.
 B = Non-inter-level travel time spent in this place.
 C = Inter-level travel time spent in this place.
 D = Time resting spent in this place.
 E = Time spent auto-exploring this place.
 F = Levels seen in this place.
 G = Mean time per level.
                   A        B        C        D        E       F      G
               +--------+--------+--------+--------+--------+-----+--------+
         Total |   2557 |   2459 |     98 |     93 |   1877 |   4 |  639.2 |
       Dungeon |   2557 |   2459 |     98 |     93 |   1877 |   4 |  639.2 |
               +--------+--------+--------+--------+--------+-----+--------+

Top non-repeatable levels by time:
     D:1: 737 daAuts
     D:2: 715 daAuts
     D:3: 606 daAuts
     D:4: 497 daAuts
